 Dungeon Crawl Stone Soup version 0.23.2 (webtiles) character file.

Game seed: 7816135608232882379

130 Lunymew the Chiller (level 4, 0/31 HPs)
             Began as a Demonspawn Ice Elementalist on Apr 20, 2019.
             Slain by a centaur (9 damage)
             ... on level 3 of the Dungeon.
             The game lasted 00:17:44 (2354 turns).

Lunymew the Chiller (Demonspawn Ice Elementalist)   Turns: 2354, Time: 00:17:45

Health: 0/31       AC:  6    Str:  8    XL:     4   Next: 89%
Magic:  0/17       EV: 12    Int: 17    God:
Gold:   137        SH:  0    Dex: 14    Spells: 3/9 levels left

rFire    . . .     SeeInvis .   f - +0 dagger
rCold    . . .     Gourm    .   (no shield)
rNeg     . . .     Faith    .   a - +0 robe
rPois    .         Spirit   .   g - +0 helmet
rElec    .         Reflect  .   j - +0 cloak
rCorr    .         Harm     .   (no gloves)
MR       .....                  (no boots)
Stlth    ++........             l - amulet of rage
HPRegen  0.10/turn              b - ring of magical power
MPRegen  0.15/turn              d - ring of flight

@: no status effects
A: talons 1, icy blue scales 1, powered by death 1
a: Evoke Berserk Rage, Evoke Flight


You were on level 3 of the Dungeon.
You were not hungry.

You visited 1 branch of the dungeon, and saw 3 of its levels.

You collected 137 gold pieces.

Inventory:

Hand Weapons
 f - a +0 dagger (weapon)
Armour
 a - a +0 robe (worn)
 g - a +0 helmet (worn)
 j - a +0 cloak (worn)
 m - a +1 leather armour of poison resistance
Jewellery
 b - a ring of magical power (left hand)
 d - a ring of flight (right hand)
 l - an amulet of rage (around neck)
Potions
 e - a potion of heal wounds
Comestibles
 c - 2 rations
 i - 5 chunks of flesh


   Skills:
 + Level 0.5 Fighting
 + Level 2.2 Dodging
 + Level 2.2 Stealth
 + Level 0.7 Unarmed Combat
 + Level 3.1 Spellcasting
 + Level 1.0 Conjurations
 + Level 3.7 Ice Magic


You had 3 spell levels left.
You knew the following spells:

 Your Spells              Type           Power        Failure   Level  Hunger
a - Freeze                Ice            ###.         3%          1    None
b - Throw Frost           Conj/Ice       ##....       10%         2    ##.....
c - Ozocubu's Armour      Chrm/Ice       #.......     24%         3    ###....

Your spell library contained the following spells:

 Spells                   Type           Power        Failure   Level  Hunger
 Throw Icicle             Conj/Ice       ##......     54%         4    ####...
 Summon Ice Beast         Ice/Summ       #.......     61%         4    ####...


Dungeon Overview and Level Annotations

Branches:
Dungeon (3/15)

Altars:
Cheibriados


Innate Abilities, Weirdness & Mutations

You have sharp toenails.
You are partially covered in icy blue scales. (AC +2)
You regenerate a little health from kills.


Message History

The centaur closely misses you.
You hit the centaur but do no damage. You claw the centaur.
The centaur is heavily wounded.
The centaur closely misses you. The centaur completely misses you.
You hit the centaur but do no damage. You claw the centaur.
The centaur is heavily wounded.
The centaur hits you.
You barely miss the centaur.
The centaur is heavily wounded.
The centaur hits you. The centaur hits you!
* * * LOW HITPOINT WARNING * * *
Casting: Freeze (safe; 3% risk of failure)
Confirm with . or Enter, or press ? or * to list all spells.
Aiming: Freeze (safe; 3% risk of failure)
Press: ? - help, Shift-Dir - straight line, f - centaur
Aim: a centaur, wearing a +0 robe (heavily wounded)
You freeze the centaur.
The centaur is severely wounded.
The centaur hits you!
You die...

.# #.....# #.......### ...
##.....# ###......## ....r......#
#.......... ...##(....
#......#.## #. .##.......
###.#..#..# #. .........#
#####.#..##.#
#.###.......####........##.# ##
............##....#.##.##.. .###
#.##)##.##@###....#....##.. .#.#
#.##.##.##c###....#.##.##.. .#.#
#..÷.†(..(r..#....#.##.##..
.#.####..####(...###....#.##.####
......#..# #.#### #....#.##.#...
##.####..###### #....#.##.....
##'###.....# #....#.##.#.##
.....#...#.# #....+........
.....#...#.# ######....####.#...


You could see a centaur and a rat.

Vanquished Creatures
  A worker ant (D:3)
  Robin (D:2)
  2 adders
  An ooze (D:1)
  5 leopard geckos
  4 orcs (D:3)
  8 bats
  9 goblins
  4 hobgoblins
  4 jackals (D:3)
  7 kobolds
  A quokka (D:3)
  7 frilled lizards
  10 rats
64 creatures vanquished.

Notes
Turn   | Place    | Note
-------+----------+-------------------------------------------
     0 | D:1      | Lunymew the Demonspawn Ice Elementalist began the quest for
                  | the Orb.
     0 | D:1      | Reached XP level 1. HP: 13/13 MP: 3/3
   316 | D:1      | Gained mutation: You regenerate a little health from kills.
                  | [demonic ancestry]
   316 | D:1      | Reached XP level 2. HP: 18/19 MP: 1/5
   865 | D:2      | Gained mutation: You have sharp toenails. [demonic
                  | ancestry]
   865 | D:2      | Reached XP level 3. HP: 20/24 MP: 6/6
   869 | D:2      | Learned a level 2 spell: Throw Frost
   873 | D:2      | Learned a level 3 spell: Ozocubu's Armour
   942 | D:2      | Noticed Robin
   959 | D:2      | HP: 1/25 [Robin/+0 whip (7)]
   964 | D:2      | Killed Robin
  1765 | D:3      | Found a snail-covered altar of Cheibriados.
  1840 | D:3      | Gained mutation: You are partially covered in icy blue
                  | scales. (AC +2) [demonic ancestry]
  1840 | D:3      | Reached XP level 4. HP: 12/31 MP: 8/8
  2311 | D:3      | Noticed a centaur
  2354 | D:3      | Slain by a centaur

Skill      XL: |  1  2  3  4 |
---------------+-------------+-----
Ice Magic      | 3 |  3.7
Dodging        | 2 |  2.2
Stealth        | 2 |  2.2
Spellcasting   | 3 |  3.1
Fighting       | |  0.5
Unarmed Combat | |  0.7
Conjurations   | |  1.0

Action                   |  1- 3 |  4- 6 || total
-------------------------+-------+-------++-------
Melee: Unarmed           |    11 |       ||    11
       Dagger            |     2 |    27 ||    29
       Kick              |       |    10 ||    10
 Cast: Freeze            |    65 |    40 ||   105
  Use: Potion            |     2 |     2 ||     4
       Scroll            |       |     1 ||     1
 Stab: Sleeping          |     4 |     4 ||     8
  Eat: Chunk             |     3 |     2 ||     5
Armor: Robe              |     3 |    13 ||    16
       Skin              |     4 |       ||     4
Dodge: Dodged            |    28 |    48 ||    76
